 Dungeon Crawl Stone Soup version 0.31-a0-844-gdc52ec4e09 (webtiles) character file.

Game seed: 5304160983811330753

24 Ijustatesigmund the Firebug (level 2, -3/16 HPs)
             Began as a Deep Elf Fire Elementalist on Sept 29, 2023.
             Slain by Terence
             ... wielding a +0 flail
              (8 damage)
             ... on level 2 of the Dungeon.
             The game lasted 00:01:03 (1229 turns).

Ijustatesigmund the Firebug (DEFE)                  Turns: 1229, Time: 00:01:04

Health: -3/16      AC:  2    Str:  5    XL:     2   Next: 79%
Magic:  0/8        EV: 12    Int: 19    God:
Gold:   11         SH:  0    Dex: 15    Spells: 4/7 levels left

rFire   . . .        c - staff of poison
rCold   . . .        (no shield)
rNeg    . . .        a - +0 robe
rPois   +            (no helmet)
rElec   .            (no cloak)
rCorr   .            (no gloves)
SInv    .            (no boots)
Will    .....        (no amulet)
Stlth   ++           (no ring)
HPRegen 0.22/turn    (no ring)
MPRegen 0.11/turn

%: no passive effects
@: very slightly contaminated
A: no striking features
a: no special abilities


You were on level 2 of the Dungeon.
You visited 1 branch of the dungeon, and saw 2 of its levels.

You collected 11 gold pieces.

Inventory:

Armour
 a - a +0 robe (worn)
Magical Staves
 c - a staff of poison (weapon)
Scrolls
 d - a scroll of noise {unknown}
 f - a scroll of vulnerability {unknown}
 h - a scroll of revelation {unknown}
 i - a scroll of fear {unknown}
 l - a scroll of immolation {unknown}
Potions
 b - a potion of magic
 e - a potion of enlightenment {unknown}
 g - 2 potions of resistance {unknown}
 j - 2 potions of might {unknown}
 k - a potion of haste {unknown}


   Skills:
 + Level 0.8 Fighting
 - Level 2.4 Dodging
 - Level 2.4 Stealth
 + Level 3.4 Spellcasting
 + Level 1.7 Conjurations
 + Level 3.6 Fire Magic


You had 4 spell levels left.
You knew the following spells:

 Your Spells              Type           Power      Damage    Failure   Level
a - Foxfire               Conj/Fire      52%        2x1d6     4%          1
b - Scorch                Fire           34%        2d6       4%          2

Your spell library contained the following spells:

 Spells                   Type           Power      Damage    Failure   Level
 Shock                    Conj/Air       24%        1d4       10%         1
 Inner Flame              Hex/Fire       10%        N/A       21%         3
 Volatile Blastmotes      Fire/Tloc      20%        2d11      21%         3
 Swiftness                Air            3%         N/A       41%         3
 Flame Wave               Conj/Fire      13%        2d6       43%         4
 Airstrike                Air            1%         2d(1-17)  82%         4


Dungeon Overview and Level Annotations

Branches:
Dungeon (2/15)

Altars:

Annotations:
D:2 Terence


Message History

You see here a +0 spear.
j - 2 metallic purple potions
k - a clear potion You see here a +0 scale mail.
l - a scroll labelled NIUJYS PAYM You open the door.
There is an open door here.
Found a robe.
Found a mace.
You see here a +0 robe.
You see here a +0 mace.
Found a stone staircase leading up.
Terence the Incautious comes into view.
He is wielding a +0 flail.
Found a ring mail.
Casting: Foxfire (safe; 4% risk of failure)
Confirm with . or Enter, or press ? or * to list all spells.
You miscast Scorch.
You are very lightly contaminated with residual magic.
Nothing appears to happen.
Casting: Scorch (safe; 4% risk of failure)
Confirm with . or Enter, or press ? or * to list all spells.
Flames lash Terence.
Terence shouts!
Terence is lightly wounded.
Terence's fire resistance burns away.
Terence closely misses you.
Casting: Scorch (safe; 4% risk of failure)
Confirm with . or Enter, or press ? or * to list all spells.
Flames lash Terence.
Terence is lightly wounded.
Terence misses you. Terence hits you with a +0 flail!
Ouch! That really hurt!
Casting: Scorch (safe; 4% risk of failure)
Confirm with . or Enter, or press ? or * to list all spells.
Flames lash Terence.
Terence is burned terribly!
Terence is severely wounded.
Terence hits you with a +0 flail!
Ouch! That really hurt!
You die...

##.###.#
##.#.#
##..# ##.#
#.#######
#.......#
#.#####.#
#.# #@#
......@..#
.##.#.<....
##.....[.
......###
###.####
..# #+#


You could see Terence (combustible).

Vanquished Creatures
  A dart slug (D:1)
  2 ball pythons
  An endoplasm (D:1)
  2 giant cockroaches (D:1)
  A goblin (D:1)
  A hobgoblin (D:1)
  4 jackals (D:1)
  A quokka (D:1)
  2 bats (D:1)
  A frilled lizard (D:1)
  A kobold (D:1)
  3 rats (D:1)
20 creatures vanquished.

Vanquished Creatures (others)
  69 foxfires
69 creatures vanquished.

Grand Total: 89 creatures vanquished

Notes
Turn   | Place    | Note
-------+----------+-------------------------------------------
     0 | D:1      | Ijustatesigmund the Deep Elf Fire Elementalist began the
                  | quest for the Orb.
     0 | D:1      | Reached XP level 1. HP: 10/10 MP: 6/6
   438 | D:1      | Reached XP level 2. HP: 16/16 MP: 4/8
   441 | D:1      | Learned a level 2 spell: Scorch
  1223 | D:2      | Noticed Terence
  1229 | D:2      | Slain by Terence

Illustrated notes

Levels and vault maps discovered:
D:1:      minmay_arrival_diagonal_passages, layout_loops_corners
D:2:      layout_loops_corners, uniq_terence, uniq_sigmund

Action                     || total
---------------------------++-------
   Cast: Foxfire           ||    42
         Scorch            ||     3
 Armour: Robe              ||    10
  Dodge: Dodged            ||    21

Table legend: (Time is in decaauts)
 A = Elapsed time spent in this place.
 B = Non-inter-level travel time spent in this place.
 C = Inter-level travel time spent in this place.
 D = Time resting spent in this place.
 E = Time spent auto-exploring this place.
 F = Levels seen in this place.
 G = Mean time per level.
                   A        B        C        D        E       F      G
               +--------+--------+--------+--------+--------+-----+--------+
         Total |   1228 |   1217 |     11 |     16 |   1054 |   2 |  614.0 |
       Dungeon |   1228 |   1217 |     11 |     16 |   1054 |   2 |  614.0 |
               +--------+--------+--------+--------+--------+-----+--------+

Top non-repeatable levels by time:
     D:1: 1097 daAuts
     D:2: 130 daAuts
